 Dungeon Crawl Stone Soup version 0.27.1-33-g824d729ab1 (webtiles) character file.

Game seed: 1781026063117278688

18 Sharkman1231 the Covered (level 2, -1/22 HPs)
             Began as a Demonspawn Wanderer on Dec 26, 2021.
             Slain by a basilisk (2 damage)
             ... created by the adversity of Qazlal
             ... while petrified by a basilisk
             ... on level 2 of the Dungeon.
             The game lasted 00:01:09 (839 turns).

Sharkman1231 the Covered (Demonspawn Wanderer)       Turns: 839, Time: 00:01:10

Health: -1/22      AC:  4    Str: 11    XL:     2   Next: 48%
Magic:  3/3        EV:  2    Int: 13    God:
Gold:   60         SH:  0    Dex: 13    Spells: 1/3 levels left

rFire    . . .     SeeInvis .   a - +2 shortbow (venom)
rCold    x x .     Faith    .   (shield currently unavailable)
rNeg     + + +     Spirit   .   d - +0 robe
rPois    ∞         Reflect  .   j - +0 helmet
rElec    .         Harm     .   (no cloak)
rCorr    .         Rampage  .   (no gloves)
Will     .....                  l - +0 pair of boots
Stlth    +.........             (no amulet)
HPRegen  0.07/turn              (no ring)
MPRegen  0.08/turn              (no ring)

@: petrified
A: claws 1, [cold vulnerability 2]
a: no special abilities


You were on level 2 of the Dungeon.
You visited 1 branch of the dungeon, and saw 2 of its levels.

You collected 60 gold pieces.

Inventory:

Hand Weapons
 a - a +2 shortbow of venom (weapon)
Missiles
 b - 20 arrows (quivered ammo)
Armour
 d - a +0 robe (worn)
 j - a +0 helmet (worn)
 l - a +0 pair of boots (worn)
Scrolls
 g - a scroll of fear {unknown}
 h - a scroll of identify {unknown}
 k - a scroll of enchant armour {unknown}
Potions
 c - a potion of lignification
 e - 2 potions of berserk rage {unknown}
 i - a potion of flight {unknown}


   Skills:
 + Level 1.9 Fighting
 - Level 1.7 Bows
 - Level 1.0 Throwing
 - Level 2.6 Armour
 * Level 0.6 Unarmed Combat
 - Level 1.0 Spellcasting
 - Level 2.1 Necromancy
 - Level 1.0 Evocations


You had one spell level left.
You knew the following spells:

 Your Spells              Type           Power      Damage    Failure   Level
a - Corpse Rot            Necr/Air       N/A        N/A       26%         2

Your spell library contained the following spells:

 Spells                   Type           Power      Damage    Failure   Level
 Sublimation of Blood     Necr           3%         N/A       17%         2


Dungeon Overview and Level Annotations

Branches:
Dungeon (2/15)

Altars:
Qazlal


Innate Abilities, Weirdness & Mutations

You have sharp fingernails.
[You are very vulnerable to cold. (rC--)]


Message History

The basilisk bites you.
You turn to flesh and can move again.
Unknown command.
Unknown command.
Unknown command.
Unknown command.
Unknown command.
Unknown command.
Unknown command.
Unknown command.
Unknown command.
Unknown command.
Unknown command.
Unknown command.
Unknown command.
Unknown command.
Unknown command.
You shoot an arrow. The arrow closely misses the basilisk.
The basilisk bites you!
Unknown command.
The basilisk gazes at you.
You are slowing down.
You are too injured to fight recklessly!
Fire: 22 arrows
Press: ? - help, Q - select action Shift-Dir - straight line, f/p - basilisk
Aim: a basilisk (lightly wounded, durably summoned, 51% to hit)
You shoot an arrow. The arrow barely misses the basilisk.
The basilisk gazes at you.
You struggle to resist.
Your limbs are stiffening.
Fire: 21 arrows
Press: ? - help, Q - select action Shift-Dir - straight line, f/p - basilisk
Aim: a basilisk (lightly wounded, durably summoned, 51% to hit)
You shoot an arrow. The arrow barely misses the basilisk.
The basilisk bites you!
* * * LOW HITPOINT WARNING * * *
The basilisk closely misses you.
You have turned to stone.
The basilisk bites you.
* * * LOW HITPOINT WARNING * * *
The basilisk bites you.
You die...

#.#.##.###...#.......#
..#.##.#.#...#.......#
..#.##.#.#...#.......#
†....................#
..######.##..........####
..........).............#
.#######........†.......# .#
#.##...##.†......# ##
####...##@.......# #######
#...##l#########
......#####...##.####....######.
..>.............................
....>.............(.......(.(.S.
#######'########.####....#######
................(# #....#
......(..######### #....#
.........# ######


You could see a basilisk.

Vanquished Creatures
  A dart slug (D:2)
  2 ball pythons
  3 endoplasms (D:1)
  2 giant cockroaches
  2 goblins
  A hobgoblin (D:2)
  3 frilled lizards
14 creatures vanquished.

Notes
Turn   | Place    | Note
-------+----------+-------------------------------------------
     0 | D:1      | Sharkman1231 the Demonspawn Wanderer began the quest for
                  | the Orb.
     0 | D:1      | Sharkman1231 set off with the following items: a +2
                  | shortbow, 27 arrows, a potion of lignification, a +0 robe;
                  | and the following spells available to memorise: Sublimation
                  | of Blood, Corpse Rot
     0 | D:1      | Reached XP level 1. HP: 13/13 MP: 2/2
    41 | D:1      | Found a faded altar of an unknown god.
    51 | D:1      | Became a worshipper of Qazlal Stormbringer
    51 | D:1      | Reached * piety under Qazlal
   176 | D:1      | Fell from the grace of Qazlal
   219 | D:1      | Reached skill level 1 in Fighting
   489 | D:1      | Gained mutation: You have sharp fingernails. [demonic
                  | ancestry]
   489 | D:1      | Reached XP level 2. HP: 22/22 MP: 3/3
   612 | D:1      | Learned a level 2 spell: Corpse Rot
   813 | D:2      | Noticed a basilisk
   838 | D:2      | HP: 1/22 [basilisk[the adversity of Qazlal] (1)]
   839 | D:2      | Slain by a basilisk

Illustrated notes

Levels and vault maps discovered:
D:1:      shiori_shiawase, layout_loops_cross,
          hellmonk_ecumenical_altar_slurped_away, nrook_campfire,
          kennysheep_minor_cross
D:2:      layout_basic, grunt_decor_cap

Skill      XL: |  1 |
---------------+----+-----
Fighting       | 1 |  1.9
Bows           | |  1.7
Throwing       | |  1.0
Armour         | |  2.6
Unarmed Combat | |  0.6
Spellcasting   | |  1.0
Necromancy     | |  2.1
Evocations     | |  1.0

Action                   || total
-------------------------++-------
 Fire: Shortbow          ||    29
Invok: Renounce Religion ||     1
  Use: Scroll            ||     1
Armor: Robe              ||     3
Dodge: Dodged            ||     2
